 Dungeon Crawl Stone Soup version 0.28.0-49-g6dfe1f597d (console) character file.

Game seed: 18361530031373244366

5414 Faeu the Cleaver (level 10, -2/139 HPs)
             Began as a Minotaur Berserker on May 14, 2022.
             Was an Elder of Trog.
             Slain by a nine-headed hydra (6 damage)
             ... on level 1 of the Lair of Beasts.
             The game lasted 00:31:49 (11979 turns).

Faeu the Cleaver (Minotaur Berserker)              Turns: 11979, Time: 00:31:49

Health: -2/139     AC: 11    Str: 26    XL:     10   Next: 40%
Magic:  0/9        EV: 11    Int:  4    God:    Trog [****..]
Gold:   754        SH:  0    Dex: 10    Spells: 9/9 levels left

rFire   . . .      SeeInvis .   s - +1 hand axe (vorpal) {axe}
rCold   . . .      Faith    .   (no shield)
rNeg    . . .      Spirit   +   n - +0 chain mail
rPois   +          Reflect  .   (helmet restricted)
rElec   .          Harm     .   (no cloak)
rCorr   +          Rampage  .   (no gloves)
Will    .....                   (no boots)
Stlth   ..........              C - amulet of guardian spirit
HPRegen 0.33/turn               H - ring of resist corrosion
MPRegen 0.11/turn               M - ring of poison resistance

@: berserking, very quick
A: horns 2, retaliatory headbutt
a: Renounce Religion, Berserk, Trog's Hand, Brothers in Arms


You were on level 1 of the Lair of Beasts.
You worshipped Trog.
Trog was greatly pleased with you.
You visited 2 branches of the dungeon, and saw 9 of its levels.
You also visited: Ossuary.

You collected 754 gold pieces.


Innate Abilities, Weirdness & Mutations

You have a pair of horns on your head.
You reflexively headbutt those who attack you in melee.


   Skills:
 + Level 10.0 Fighting
 + Level 10.1 Axes
 + Level 9.7 Armour
 + Level 8.8 Dodging


You had 9 spell levels left.
You didn't know any spells.
Your spell library contained the following spells:

 Spells                   Type           Power      Damage    Failure   Level
 Conjure Flame            Conj/Fire      0%         6-21      100%        3
 Ignite Poison            Fire/Tmut/Pois 0%         N/A       100%        3
 Sticky Flame             Conj/Fire      0%         2d3       100%        4

Inventory:

Hand Weapons
 a - a +0 hand axe {axe}
 s - a +1 vorpal hand axe (weapon) {axe}
   (You took it off an orc on level 3 of the Dungeon)
 O - a +2 antimagic short sword {short}
   (You took it off a kobold on level 8 of the Dungeon)
Missiles
 L - 20 poisoned darts (quivered) {throwing}
Armour
 b - a +0 animal skin
 e - a +0 ring mail of poison resistance
   (You took it off Duvessa on level 5 of the Dungeon)
 n - a +0 chain mail (worn)
   (You found it on level 1 of the Dungeon)
Jewellery
 c - an amulet of the acrobat
   (You found it on level 1 of the Dungeon)
 C - an amulet of guardian spirit (around neck)
   (You found it on level 4 of the Dungeon)
 D - a ring of flight
   (You found it on level 4 of the Dungeon)
 H - a ring of resist corrosion (left hand)
   (You found it on level 5 of the Dungeon)
 M - a ring of poison resistance (right hand)
   (You found it on level 7 of the Dungeon)
 N - a ring of protection from fire
   (You found it on level 8 of the Dungeon)
Wands
 J - a wand of flame (40)
   (You found it on level 5 of the Dungeon)
 P - a wand of paralysis (3)
   (You found it on level 1 of the Lair of Beasts)
Scrolls
 f - 2 scrolls of magic mapping {!r}
 g - 3 scrolls of noise {!r}
 h - 2 scrolls of amnesia
 i - 3 scrolls of blinking {unknown}
 j - a scroll of silence {unknown}
 l - 2 scrolls of vulnerability {!r!r}
 o - a scroll of fog {unknown}
 q - a scroll of fear {unknown}
 r - a scroll of holy word {unknown}
 u - 7 scrolls of teleportation {@r4}
 w - 3 scrolls of enchant weapon
 y - a scroll of enchant armour {unknown}
 G - a scroll of summoning {unknown}
Potions
 d - 2 potions of haste {@q3}
 k - 4 potions of cancellation {unknown}
 m - 4 potions of lignification {!q}
 p - 2 potions of berserk rage {unknown}
 t - 3 potions of attraction {!q}
 v - 2 potions of mutation {unknown}
 x - 5 potions of heal wounds {unknown}
 z - 4 potions of curing {@q1}
 A - 2 potions of might {unknown}
 B - a potion of degeneration {unknown}
 E - a potion of ambrosia {unknown}
 F - a potion of brilliance {unknown}
 I - 3 potions of flight {unknown}
 K - a potion of resistance {unknown}

Dungeon Overview and Level Annotations

Branches:
Dungeon (8/15)             Temple (0/1) D:5            Lair (1/6) D:8
Ossuary (visited)

Altars:
Elyvilon
Fedhas
Hepliaklqana
Makhleb
Okawaru
Sif Muna
Xom
Yredelemnul

Shops:
D:4

( ..........##
..........#.....
........###....#
#.......###....##♣ ♣♣≈
#.....####.....#.♣ ♣♣P≈≈
##......##......#♣♣≈≈P≈≈
##......##......≈≈≈≈≈≈≈≈
...............♣≈≈≈≈≈≈≈≈
.......(....)..≈≈≈≈≈≈≈≈≈
................@D......
...............♣†S≈≈≈≈≈≈
..............≈≈≈≈≈≈≈≈≈≈
..............♣≈≈P≈≈≈≈P♣
.....$....#...≈≈≈≈P≈≈♣♣♣
##..##........≈≈PP≈≈≈♣
#.. #........♣≈≈≈≈P≈♣
##........♣≈P≈♣PP .
$....... P≈P... .


You could see a nine-headed hydra and an electric eel.


Message History

P - a wand of paralysis (3)
You now have 742 gold pieces (gained 19).
You now have 754 gold pieces (gained 12).
Found a glowing long sword.
You see here 14 stones {throwing}.
An electric eel comes into view.
The electric eel moves out of view.
The electric eel shoots out a bolt of lightning at you!
The bolt of electricity hits you. 😕 HP[-6]
You take 6 damage, and now have 87/93 hp.
The electric eel shoots out a bolt of lightning at you!
The bolt of electricity hits you!
You see here a +0 long sword of protection {long}. 😕 HP[-7] MP[-1]
You take 7 damage, and now have 80/93 hp.
You lost 1 mp, and now have 8/9 mp.
An electric eel comes into view.
The electric eel shoots out a bolt of lightning at you!
The bolt of electricity hits the electric eel.
The electric eel completely resists.
The bolt of electricity hits the plant!
The plant begins to die.
The bolt of electricity misses you. 😕 HP[+1]
The electric eel shoots out a bolt of lightning at you!
The bolt of electricity hits the plant!
The bolt of electricity hits you! 😕 HP[-7]
You take 7 damage, and now have 74/93 hp.
A five-headed hydra comes into view.
A nearby plant withers and dies.
The electric eel shoots out a bolt of lightning at you!
The bolt of electricity hits you!
The bolt of electricity hits the plant!
The plant begins to die. 😮 HP[-11] MP[-1]
You take 11 damage, and now have 63/93 hp.
You lost 1 mp, and now have 7/9 mp.
You barely miss the electric eel. Your headbutt misses the electric eel.
You hit the plant. 😮 HP[+1]
You hit the electric eel. You hit the five-headed hydra. You hit the plant.
A red film seems to cover your vision as you go berserk!
You feel yourself moving faster!
You feel mighty! The five-headed hydra bites you. x3
The five-headed hydra bites you! x2
* * * LOW HITPOINT WARNING * * *
😨 HP[+4] MP[-2]
You now have 139 max hp (+46).
You regained 4 hp, and now have 68/139 hp.
You lost 2 mp, and now have 5/9 mp.
You chop one of the five-headed hydra's heads off!
The four-headed hydra grows two more!
You slice the six-headed hydra!! You closely miss the electric eel.
You slash the electric eel! You slash the plant!
The six-headed hydra bites you but does no damage.
The six-headed hydra bites you!
* * * LOW HITPOINT WARNING * * *
The six-headed hydra bites you.
* * * LOW HITPOINT WARNING * * *
The six-headed hydra bites you.
* * * LOW HITPOINT WARNING * * *
The six-headed hydra barely misses you. The six-headed hydra bites you!
* * * LOW HITPOINT WARNING * * *
😨 HP[-23] MP[-1]
You take 23 damage, and now have 45/139 hp.
You lost 1 mp, and now have 4/9 mp.
You slice one of the six-headed hydra's heads off!
The five-headed hydra grows two more!
You slash the seven-headed hydra! You slash the plant!
You barely miss the electric eel. x2; A nearby plant withers and dies.
The electric eel shoots out a bolt of lightning at you!
The bolt of electricity misses you.
You chop one of the seven-headed hydra's heads off!
The six-headed hydra grows two more!
You slash the eight-headed hydra! You slash the electric eel! x2
You kill the electric eel!
Trog accepts your kill.
You hear a splash.
The eight-headed hydra bites you but does no damage.
The eight-headed hydra barely misses you.
The eight-headed hydra bites you!
* * * LOW HITPOINT WARNING * * *
The eight-headed hydra bites you but does no damage.
The eight-headed hydra misses you. The eight-headed hydra bites you!
* * * LOW HITPOINT WARNING * * *
The eight-headed hydra bites you but does no damage.
The eight-headed hydra bites you.
* * * LOW HITPOINT WARNING * * *
😱 HP[-19] MP[-1]
You take 19 damage, and now have 26/139 hp.
You lost 1 mp, and now have 3/9 mp.
You slice one of the eight-headed hydra's heads off!
The seven-headed hydra grows two more!
You slice the nine-headed hydra!!
Your headbutt misses the nine-headed hydra.
You miss the electric eel.
The nine-headed hydra bites you but does no damage.
The nine-headed hydra bites you.
* * * LOW HITPOINT WARNING * * *
The nine-headed hydra bites you.
* * * LOW HITPOINT WARNING * * *
The nine-headed hydra misses you. The nine-headed hydra bites you!
* * * LOW HITPOINT WARNING * * *
The nine-headed hydra bites you!
* * * LOW HITPOINT WARNING * * *
The nine-headed hydra bites you!
You die...

Skill      XL: |  1  2  3  4  5  6  7  8  9 10 |
---------------+-------------------------------+-----
Axes           | 4 5 6 8 9 10 | 10.1
Fighting       | 4 5 6 7 9 10 | 10.0
Armour         | 3 4 5 6 7 9 |  9.7
Dodging        | 3 4 5 6 8 |  8.8

Action                   |  1- 3 |  4- 6 |  7- 9 | 10-12 || total
-------------------------+-------+-------+-------+-------++-------
Melee: Hand axe          |    89 |   151 |   334 |    98 ||   672
       Headbutt          |     5 |    26 |    70 |    17 ||   118
       Punch             |     2 |     1 |     6 |     1 ||    10
Invok: Berserk           |       |     5 |     7 |     2 ||    14
  Use: Scroll            |       |       |     9 |       ||     9
Armor: Animal skin       |     8 |     1 |       |       ||     9
       Chain mail        |       |    65 |   136 |    39 ||   240
Dodge: Dodged            |    64 |    68 |   179 |    44 ||   355

Levels and vault maps discovered:
D:1:      ebering_hopf_link, layout_basic, minmay_pentomino_z4
D:2:      layout_basic, basic_ecumenical_altar
D:3:      layout_rooms, mainiacjoe_overflow_brackets
D:4:      layout_loops_corners, fedhas_altar_decomposition,
          general_overflow_altar, enter_ossuary_3, serial_shops,
          nicolae_lakefront_shop, serial_bayou_lagoon_a,
          minmay_fractal_squares_diagonal_5
D:5:      layout_basic, nicolae_hepliaklqana_hippocampus, kennysheep_mini,
          okawaru_ov_weapons_minmay, makhleb_blood_cavern_becter, temple_hall
D:6:      layout_loops_cross, uniq_duvessa
D:7:      layout_loops_ring
D:8:      layout_gridville, mainiacjoe_overflow_surrounded_room,
          minmay_lair_entry_grove
Lair:1:   layout_gridlike, serial_bayou_lagoon_b

Notes
Turn   | Place    | Note
-------+----------+-------------------------------------------
     0 | D:1      | Faeu the Minotaur Berserker began the quest for the Orb.
     0 | D:1      | Reached XP level 1. HP: 19/19 MP: 0/0
     0 | D:1      | magus.rc [v1.9.6]
   681 | D:1      | Reached XP level 2. HP: 27/27 MP: 1/1
   899 | D:1      | Reached skill level 4 in Axes
  1001 | D:1      | Reached skill level 4 in Fighting
  1019 | D:1      | Reached skill level 3 in Armour
  1019 | D:1      | Reached XP level 3. HP: 10/33 MP: 2/2
  1987 | D:2      | Reached skill level 3 in Dodging
  1987 | D:2      | Reached XP level 4. HP: 27/41 MP: 3/3
  2130 | D:2      | HP: 8/41 [gnoll/+0 flail (4)]
  2131 | D:2      | HP: 1/61 [gnoll/+0 flail (12)]
  2590 | D:2      | Found a faded altar of an unknown god.
  2731 | D:2      | Reached XP level 5. HP: 45/47 MP: 4/4
  3066 | D:3      | Reached ** piety under Trog
  3119 | D:3      | Reached skill level 4 in Armour
  3375 | D:3      | Found a shimmering altar of Xom.
  3501 | D:3      | Reached skill level 5 in Axes
  3503 | D:3      | Reached skill level 5 in Fighting
  3754 | D:4      | Noticed an ogre
  3758 | D:4      | Killed an ogre
  3759 | D:4      | Reached skill level 4 in Dodging
  3759 | D:4      | Reached XP level 6. HP: 56/56 MP: 5/5
  3793 | D:4      | Found a shimmering blue altar of Sif Muna.
  3910 | D:4      | HP: 9/56 [something/puff of flame (7)]
  4180 | D:4      | Reached skill level 5 in Armour
  4180 | D:4      | Reached XP level 7. HP: 46/62 MP: 6/6
  4259 | D:4      | Found a sand-covered staircase.
  4290 | Ossuary  | Entered an ossuary
  4346 | Ossuary  | HP: 21/93 [mummy (7)]
  4618 | Ossuary  | Reached skill level 6 in Fighting
  4618 | Ossuary  | Reached skill level 6 in Axes
  4630 | Ossuary  | Reached *** piety under Trog
  5226 | D:4      | Reached skill level 5 in Dodging
  5594 | D:4      | Found a blossoming altar of Fedhas.
  5814 | D:4      | Found Xeeph's Antique Weapon Emporium.
  5821 | D:4      | HP: 24/96 [poisoned by a killer bee]
  5822 | D:4      | Reached skill level 6 in Armour
  5822 | D:4      | Reached XP level 8. HP: 27/71 MP: 4/7
  5826 | D:4      | HP: 12/71 [poisoned by a killer bee]
  6260 | D:5      | Entered Level 5 of the Dungeon
  6793 | D:5      | Reached skill level 7 in Fighting
  6793 | D:5      | Reached skill level 7 in Axes
  6864 | D:5      | Reached skill level 6 in Dodging
  7049 | D:5      | Found a hazy altar of Hepliaklqana.
  7145 | D:5      | Found a burning altar of Makhleb.
  7297 | D:5      | Found a white marble altar of Elyvilon.
  7373 | D:5      | Found a staircase to the Ecumenical Temple.
  7390 | D:5      | Found an iron altar of Okawaru.
  7399 | D:5      | Reached skill level 7 in Armour
  7690 | D:6      | Noticed Dowan
  7765 | D:6      | Killed Dowan
  7772 | D:6      | Noticed Duvessa
  7781 | D:5      | Killed Duvessa
  8193 | D:6      | Reached skill level 8 in Axes
  8193 | D:6      | Reached XP level 9. HP: 79/81 MP: 6/8
  8197 | D:6      | Reached skill level 8 in Fighting
  8575 | D:6      | Reached skill level 7 in Dodging
  8904 | D:6      | Reached skill level 8 in Armour
  9051 | D:7      | Reached **** piety under Trog
  9323 | D:7      | Reached skill level 9 in Axes
  9330 | D:7      | Reached skill level 9 in Fighting
 10022 | D:8      | Found a basalt altar of Yredelemnul.
 10052 | D:8      | Reached skill level 8 in Dodging
 10252 | D:8      | Reached skill level 9 in Armour
 10279 | D:8      | Reached XP level 10. HP: 53/91 MP: 6/9
 10752 | D:8      | Found a staircase to the Lair.
 11368 | D:8      | You add the spells Conjure Flame, Ignite Poison and Sticky
                  | Flame to your library.
 11402 | D:8      | Reached skill level 10 in Fighting
 11402 | D:8      | Reached skill level 10 in Axes
 11922 | Lair:1   | Entered Level 1 of the Lair of Beasts
 11971 | Lair:1   | Noticed a five-headed hydra
 11978 | Lair:1   | HP: 31/139 [eight-headed hydra (6)]
 11979 | Lair:1   | HP: 13/139 [nine-headed hydra (8)]
 11979 | Lair:1   | HP: 4/139 [nine-headed hydra (9)]
 11979 | Lair:1   | Slain by a nine-headed hydra

Vanquished Creatures
  5 wyverns
  3 yaks (D:8)
  A basilisk (D:8)
  A steam dragon (D:7)
  3 water moccasins
  Duvessa (D:5)
  2 ice beasts
  2 sky beasts
  3 necrophages
  An orc warrior (D:8)
  A black bear (D:6)
  3 ogres (D:4)
  2 centaurs
  3 phantoms (D:5)
  4 kobold brigands
  6 scorpions
  A water moccasin zombie (D:6)
  2 bullfrogs
  Dowan (D:6)
  3 killer bees (D:4)
  An electric eel (Lair:1)
  A howler monkey (D:7)
  A centaur zombie (D:6)
  3 hounds
  3 gnoll shamans
  2 centaur skeletons
  6 orc wizards
  3 iguanas
  3 hound skeletons
  8 mummies (Ossuary)
  20 gnolls
  13 adders
  A howler monkey skeleton (D:7)
  A shadow imp (D:7)
  A white imp (D:4)
  7 dart slugs
  20 orcs
  6 bats
  6 endoplasms
  3 giant cockroaches
  6 goblins
  5 hobgoblins
  4 jackals (D:2)
  6 quokkas
  6 ball pythons
  A frilled lizard (D:3)
  2 gnoll zombies
  3 hobgoblin zombies (Ossuary)
  17 kobolds
  2 kobold zombies (Ossuary)
  2 orc zombies (Ossuary)
  A quokka skeleton (D:4)
  3 rats
  A rat zombie (D:4)
216 creatures vanquished.

Vanquished Creatures (others)
  7 fungi (D:8)
  59 plants
66 creatures vanquished.

Grand Total: 282 creatures vanquished

Table legend:
 A = Non-vault XP
 B = Vault XP
 C = Vault XP percentage of total XP
 D = Non-vault monster count
 E = Vault monster count
 F = Vault count percentage of total count
                 A         B        C        D         E       F
            +---------+---------+-------+---------+---------+-------
      Total |    4995 |    2740 |  35.4 |     172 |      44 |  20.4
            +---------+---------+-------+---------+---------+-------
        D:1 |      50 |       4 |   7.4 |      20 |       2 |   9.1
        D:2 |     142 |       0 |   0.0 |      16 |       0 |   0.0
        D:3 |     128 |       0 |   0.0 |      25 |       0 |   0.0
        D:4 |     963 |      81 |   7.8 |      30 |       9 |  23.1
        D:5 |     737 |     281 |  27.6 |      18 |       3 |  14.3
        D:6 |    1044 |      72 |   6.5 |      15 |       1 |   6.2
        D:7 |    1095 |       0 |   0.0 |      20 |       0 |   0.0
        D:8 |     689 |    2149 |  75.7 |      26 |      13 |  33.3
     Lair:1 |     147 |       0 |   0.0 |       2 |       0 |   0.0
    Ossuary |       0 |     153 | 100.0 |       0 |      16 | 100.0
            +---------+---------+-------+---------+---------+-------

Illustrated notes

Table legend:
 A = Kills in this place as a percentage of kills in entire the game.
 B = Kills by you in this place as a percentage of kills by you in the entire game.
 C = Kills by friends in this place as a percentage of kills by friends in the entire game.
 D = Other kills in this place as a percentage of other kills in the entire game.
 E = Experience gained in this place as a percentage of experience gained in the entire game.
 F = Experience gained in this place divided by the number of levels of this place that you have seen.
                   A       B       C       D       E      F
               +-------+-------+-------+-------+-------+----------------------
         Total | 100.0 | 100.0 |   N/A |   N/A | 100.0 | 773.5
       Dungeon |  91.7 |  91.7 |   N/A |   N/A |  96.1 | 929.4
          Lair |   0.9 |   0.9 |   N/A |   N/A |   1.9 | 147.0
       Ossuary |   7.4 |   7.4 |   N/A |   N/A |   2.0 | 153.0
               +-------+-------+-------+-------+-------+----------------------

Table legend: (Time is in decaauts)
 A = Elapsed time spent in this place.
 B = Non-inter-level travel time spent in this place.
 C = Inter-level travel time spent in this place.
 D = Time resting spent in this place.
 E = Time spent auto-exploring this place.
 F = Levels seen in this place.
 G = Mean time per level.
                   A        B        C        D        E       F      G
               +--------+--------+--------+--------+--------+-----+--------+
         Total |  12106 |  11671 |    435 |   3669 |   5517 |  10 | 1210.6 |
       Dungeon |  11365 |  10931 |    434 |   3210 |   5421 |   8 | 1420.6 |
          Lair |     54 |     54 |      0 |      0 |      6 |   1 |   54.0 |
       Ossuary |    686 |    686 |      0 |    459 |     90 |   1 |  686.0 |
               +--------+--------+--------+--------+--------+-----+--------+

Top non-repeatable levels by time:
     D:4: 2245 daAuts
     D:8: 2003 daAuts
     D:1: 1834 daAuts
     D:5: 1369 daAuts
     D:6: 1244 daAuts
     D:2: 1089 daAuts
     D:3: 808 daAuts
     D:7: 769 daAuts
 Ossuary: 686 daAuts
  Lair:1: 54 daAuts
